 Dungeon Crawl Stone Soup version 0.19-a0-687-g35db334 (webtiles) character file.

1472 weirdsound the Grave Robber (level 8, -6/64 HPs)
             Began as a Mummy Necromancer on June 19, 2016.
             Was an Initiate of Gozag.
             Killed from afar by an orc wizard (13 damage)
             ... with a puff of flame
             ... on level 4 of the Dungeon.
             The game lasted 00:33:35 (9386 turns).

weirdsound the Grave Robber (Mummy Necromancer)     Turns: 9386, Time: 00:33:36

Health: -6/64      AC:  7    Str: 11    XL:     8   Next: 49%
Magic:  4/11       EV: 11    Int: 15    God:    Gozag
Gold:   67         SH:  0    Dex: 14    Spells: 3 memorised, 3 levels left

rFire  . . .     SeeInvis .     i - +2 whip (vamp)
rCold  + . .     Gourm    .     o - +3 leather armour of Dishonesty {rF+ MR- rCorr}
rNeg   + + +     Faith    .     (no shield)
rPois  ∞         Spirit   .     v - +0 helmet
rElec  .         Dismiss  .     (no cloak)
rCorr  +         Reflect  .     (no gloves)
SustAt .         Harm     .     (no boots)
MR     .....                    (no amulet)
Stlth  ++........               (no ring)
                                (no ring)

@: not resistant to hostile enchantments, unstealthy
A: no food or potions, fire vulnerability, cold resistance 1, negative energy
resistance 3, torment resistance, unbreathing
a: Potion Petition, Call Merchant, Bribe Branch, Renounce Religion


You were on level 4 of the Dungeon.
You worshipped Gozag.
Gozag was noncommittal.
You were not hungry.

You visited 2 branches of the dungeon, and saw 8 of its levels.

You collected 415 gold pieces.
You spent 216 gold pieces at shops.
You paid 132 gold pieces to Gozag.

Inventory:

Hand Weapons
 i - a +2 vampiric whip (weapon)
 n - a +2 mace of draining
Missiles
 c - 4 javelins (quivered)
Armour
 a - a +1 robe
 j - the +4 leather armour of Hepliaklqana's Envy {+Inv rF- Int+4}
   (You found it on level 4 of the Dungeon)

   It affects your intelligence (+4).
   It makes you vulnerable to fire.
   It lets you turn invisible.
 o - the +3 leather armour of Dishonesty (worn) {rF+ MR- rCorr}
   (You found it on level 5 of the Dungeon)

   It protects you from fire.
   It affects your resistance to hostile enchantments.
   It protects you from acid and corrosion.
 v - a +0 helmet (worn)
Magical Staves
 q - an uncursed staff of power
Jewellery
 d - an uncursed ring of resist corrosion {unknown}
Wands
 l - a wand of flame (14/48)
 m - a wand of polymorph (23/24)
 u - a wand of flame (8/48)
Scrolls
 e - 4 scrolls of enchant weapon
 f - 3 scrolls of amnesia
 g - 2 scrolls of identify
 h - a scroll of immolation
 k - a scroll of remove curse
 p - a scroll of recharging
 t - a scroll of enchant armour
Books
 b - a book of Necromancy

   Spells                             Type                      Level
   a - Pain                           Necromancy                   1
   b - Animate Skeleton               Necromancy                   1
   c - Vampiric Draining              Necromancy                   3
   d - Regeneration                   Charms/Necromancy            3
   e - Animate Dead                   Necromancy                   4
   f - Control Undead                 Necromancy                   4
 r - Usamacy's Guide on Helpful Hexes
   (You found it on level 6 of the Dungeon)

   Spells                             Type                      Level
   a - Corona                         Hexes                        1
   b - Song of Slaying                Charms                       2
   c - Swiftness                      Charms/Air                   2
   d - Ensorcelled Hibernation        Hexes/Ice                    2
   e - Summon Guardian Golem          Hexes/Summoning              3


   Skills:
 - Level 6.0 Fighting
 * Level 3.5(4.2) Maces & Flails
 - Level 3.4(4.2) Staves
 - Level 1.5 Dodging
 - Level 1.5 Stealth
 - Level 2.0 Spellcasting
 - Level 7.0 Necromancy


You had 3 spell levels left.
You knew the following spells:

 Your Spells              Type           Power        Failure   Level  Hunger
a - Pain                  Necr           ###.         1%          1    N/A
b - Control Undead        Necr           ###.......   17%         4    N/A
c - Vampiric Draining     Necr           ###.......   6%          3    N/A

Dungeon Overview and Level Annotations

Branches:
Dungeon (7/15)             Temple (1/1) D:4

Altars:
Ashenzari
Cheibriados
Dithmenos
Elyvilon
Fedhas
Gozag
Hepliaklqana
Kikubaaqudgha
Makhleb
Okawaru
Pakellas
Qazlal
Ru
Sif Muna
Trog
Uskayaw
Vehumet
Xom
Yredelemnul
Zin
The Shining One

Shops:
D:6 (

Annotations:
D:5 LORDOFBUTT's ghost, amateur MiFi
D:7 2 runed doors


Innate Abilities, Weirdness & Mutations

You do not eat or drink.
Your flesh is vulnerable to fire.
You are immune to poison.
Your flesh is cold resistant. (rC+)
You are immune to negative energy. (rN+++)
You are immune to unholy pain and torment.
You can survive without breathing.


Message History

* * * LOW HITPOINT WARNING * * *
A puff of flame appears from out of thin air!
The puff of flame hits you!
* * * LOW HITPOINT WARNING * * *
As you read the scroll labeled BICVUWOBIK, it crumbles to dust.
You feel blessed for a moment.
It was a scroll of remove curse.
As you read the scroll labeled XACAYDUPUTS, it crumbles to dust.
It is a scroll of recharging.
Charge which item? (? for menu, Esc to quit)
Your wand of polymorph glows for a moment.
Something hits you but does no damage.
As you read the scroll labeled QYISMU UZUETSO, it crumbles to dust.
The scroll dissolves into smoke.
It was a scroll of fog.
Something hits you.
* * * LOW HITPOINT WARNING * * *
Something hits you but does no damage.
You hear some strange, mumbled words.
A puff of flame appears from out of thin air!
The puff of flame hits you!
You die...
Your body crumbles into a pile of gold.

##..##......#......#.............
.#..##..##..##....###'###........
.#..##..##..##..>.##...##...##...
.'......######..........#...##...
.#...........#...§§.....#...+....
.#..######...#§§§§§.....#...#....
.#..##..##..##§§{§##...##+####...
.#..#.<..#..##§§§§##...##...##...
##..##..##.(##§§@§§..............
##..##..##..##.§§...........##...
.!..###'##..................#####
....'...#........................
....#...#...##....##..........>..
##'###..##..##....##.............
##..######+###...................
#.......#....#...................
#.......#....#..............##...


There were no monsters in sight!

Vanquished Creatures
  A sky beast (D:6)
  An ice beast (D:6)
  2 phantoms (D:5)
  An ogre (D:6)
  A centaur (D:5)
  A giant frog (D:5)
  A howler monkey (D:6)
  2 centaur zombies (D:5)
  4 crimson imps
  A jelly (D:7)
  2 orc priests
  2 hounds (D:4)
  5 orc wizards
  6 worker ants
  An iguana (D:5)
  A hound skeleton (D:7)
  6 adders
  An adder skeleton (D:4)
  2 worms
  2 dart slugs
  3 giant geckos
  13 orcs
  3 ball pythons
  A giant cockroach (D:4)
  3 goblins
  10 hobgoblins
  2 jackals (D:2)
  12 kobolds
  2 quokkas
  A ball python skeleton (D:5)
  7 bats
  4 giant newts
  A quokka skeleton (D:4)
  12 rats
117 creatures vanquished.

Vanquished Creatures (collateral kills)
  A quasit (D:5)
1 creature vanquished.

Grand Total: 118 creatures vanquished

Notes
Turn   | Place    | Note
--------------------------------------------------------------
     0 | D:1      | weirdsound the Mummy Necromancer began the quest for the Orb.
     0 | D:1      | Reached XP level 1. HP: 13/13 MP: 3/3
   326 | D:1      | Reached XP level 2. HP: 19/19 MP: 3/5
  1166 | D:2      | Reached skill level 5 in Necromancy
  1166 | D:2      | Reached XP level 3. HP: 24/24 MP: 3/6
  1668 | D:2      | Reached XP level 4. HP: 30/30 MP: 5/7
  1804 | D:2      | Found a blossoming altar of Fedhas.
  2310 | D:3      | Reached skill level 6 in Necromancy
  2492 | D:3      | Reached XP level 5. HP: 19/35 MP: 1/8
  2664 | D:3      | Learned a level 4 spell: Control Undead
  2668 | D:3      | Learned a level 3 spell: Vampiric Draining
  3283 | D:3      | Reached skill level 7 in Necromancy
  3442 | D:4      | Got a shimmering leather armour
  3453 | D:4      | Identified the +4 leather armour of Hepliaklqana's Envy {+Inv rF- Int+4} (You found it on level 4 of the Dungeon)
  3468 | D:4      | Found a staircase to the Ecumenical Temple.
  3473 | Temple   | Entered the Ecumenical Temple
  3575 | D:4      | Reached skill level 1 in Fighting
  3575 | D:4      | Reached XP level 6. HP: 31/43 MP: 6/9
  3846 | D:4      | Reached skill level 1 in Maces & Flails
  4354 | D:5      | Entered Level 5 of the Dungeon
  4418 | D:5      | Found a glowing golden altar of the Shining One.
  4764 | D:5      | Noticed LORDOFBUTT's ghost (amateur MiFi)
  5091 | D:5      | Got a tiger eye-encrusted leather armour
  5102 | D:5      | Identified the +3 leather armour of Dishonesty {rF+ MR- rCorr} (You found it on level 5 of the Dungeon)
  5121 | D:5      | Reached XP level 7. HP: 40/52 MP: 10/10
  6481 | D:5      | Reached skill level 5 in Fighting
  7056 | D:6      | Identified Usamacy's Guide on Helpful Hexes
  7287 | D:6      | Found a shimmering altar of Xom.
  7308 | D:6      | Reached XP level 8. HP: 45/64 MP: 2/11
  7575 | D:6      | Found Muuklept's Antique Weapon Shoppe.
  7606 | D:6      | Reached skill level 1 in Staves
  7857 | D:6      | Found a radiant altar of Vehumet.
  8818 | D:7      | Found an iron altar of Okawaru.
  8846 | D:7      | Found a runed door.
  8864 | D:7      | Found a runed door.
  8884 | D:7      | Found a bloodstained altar of Trog.
  8886 | D:7      | Found a shadowy altar of Dithmenos.
  8888 | D:7      | Found an opulent altar of Gozag.
  8888 | D:7      | Found a stormy altar of Qazlal.
  8889 | D:7      | Found a hazy altar of Hepliaklqana.
  8896 | D:7      | Became a worshipper of Gozag Ym Sagoz the Greedy
  9306 | D:6      | Bought a brightly glowing quarterstaff for 216 gold pieces
  9386 | D:4      | Killed from afar by an orc wizard

Vault maps used:
D:1:      dpeg_arrival_stone_temple_mockup
D:2:      first_bread, kennysheep_cross_bottleneck, fedhas_altar_4
D:4:      minmay_temple_entry_overgrown
D:5:      overflow_temple_1_default
D:6:      lemuel_doored_altar, tgw_xom, serial_shops, shop,
          minmay_tree_intersection
D:7:      lemuel_insect_pit, kennysheep_little_box, grunt_temple_overflow_open,
          serial_shops, shop
Temple:   circular_temple_12

Skill      XL: |  1  2  3  4  5  6  7  8 |
---------------+-------------------------+-----
Necromancy     | 5 6 7 |  7.0
Fighting       | 1 3 5 6 |  6.0
Maces & Flails | 2 3 |  3.5
Staves         | 3 |  3.4
Dodging        | |  1.5
Stealth        | |  1.5
Spellcasting   | |  2.0

Action                   |  1- 3 |  4- 6 |  7- 9 || total
-------------------------+-------+-------+-------++-------
Melee: Whip              |       |    75 |   190 ||   265
       Mace              |       |     6 |    41 ||    47
       Staff             |       |       |    93 ||    93
Throw: Javelin           |    13 |       |    35 ||    48
 Cast: Pain              |    81 |   103 |    79 ||   263
       Control Undead    |       |     2 |     2 ||     4
       Vampiric Draining |       |     1 |       ||     1
  Use: Scroll            |       |     4 |     4 ||     8
 Stab: Sleeping          |       |       |     1 ||     1
Armor: Robe              |     4 |     8 |       ||    12
       Leather armour    |       |    19 |   118 ||   137
Dodge: Dodged            |    26 |    77 |   173 ||   276
